 Dungeon Crawl Stone Soup version 0.19.5 (webtiles) character file.

1458 Lizzreth the Basher (level 8, -4/74 HPs)
             Began as a Troll Fighter on Mar 15, 2017.
             Was a Follower of Makhleb.
             Slain by Paps's ghost (14 damage)
             ... on level 6 of the Dungeon.
             The game lasted 00:30:05 (4513 turns).

Lizzreth the Basher (Troll Fighter)                 Turns: 4513, Time: 00:30:11

Health: -4/74      AC:  4    Str: 27      XL:     8   Next: 47%
Magic:  7/7        EV: 10    Int:  1 (2)  God:    Makhleb [*.....]
Gold:   399        SH:  0    Dex: 11      Spells: 0 memorised, 7 levels left

rFire  . . .     SeeInvis .     q - +0 giant spiked club (curse)
rCold  . . .     Gourm    +     b - +0 robe
rNeg   . . .     Faith    .     (shield currently unavailable)
rPois  .         Spirit   .     (helmet restricted)
rElec  .         Reflect  .     (no cloak)
rCorr  .         Harm     .     (gloves unavailable)
MR     .....                    (boots unavailable)
Stlth  +.........               (no amulet)
                                (no ring)
                                (no ring)

@: no status effects
A: unfitting armour, claws 3, talons 1, agile 1, deformed body, deterioration 1,
dopey 1, fast metabolism 3, gourmand, regeneration 1, shaggy fur 1, tough skin 2
a: Renounce Religion


You were on level 6 of the Dungeon.
You worshipped Makhleb.
Makhleb was aware of your devotion.
You were not hungry.

You visited 2 branches of the dungeon, and saw 7 of its levels.

You collected 399 gold pieces.

Inventory:

Hand Weapons
 a - a +0 flail
 q - a cursed +0 giant spiked club (weapon)
Armour
 b - a +0 robe (worn)
 c - a +0 shield
Wands
 k - a wand of paralysis (5/24)
 s - a wand of flame (32/48)
 t - a wand of paralysis (6/24)
Scrolls
 e - 3 scrolls of teleportation
 g - a scroll of silence {unknown}
 i - 2 scrolls of identify {unknown}
 l - a scroll of remove curse {unknown}
 m - 2 scrolls of magic mapping {unknown}
 n - 2 scrolls of fog {unknown}
 p - a scroll of amnesia {unknown}
Potions
 d - a potion of resistance {unknown}
 j - a potion of heal wounds
Comestibles
 f - 5 bread rations
 h - 5 meat rations
 o - 2 fruits


   Skills:
 - Level 2.4 Fighting
 + Level 9.8 Maces & Flails
 - Level 2.4 Dodging
 - Level 2.4 Shields


You had 7 spell levels left.
You didn't know any spells.

Dungeon Overview and Level Annotations

Branches:
Dungeon (6/15)             Temple (1/1) D:4

Altars:
Ashenzari
Cheibriados
Dithmenos
Elyvilon
Fedhas
Gozag
Hepliaklqana
Kikubaaqudgha
Makhleb
Nemelex Xobeh
Okawaru
Qazlal
Ru
Sif Muna
Trog
Uskayaw
Vehumet
Xom
Yredelemnul
Zin
The Shining One

Annotations:
D:4 1 exclusion
D:6 Paps's ghost, novice GrFi


Innate Abilities, Weirdness & Mutations

You are too large for most types of armour.
You have claws for hands.
Your metabolism is lightning-fast.
You like to eat raw meat.
Your natural rate of healing is unusually fast.
You are covered in fur. (AC +1)
You have very tough skin. (AC +2)
You have sharp toenails.
You are agile. (Dex +2)
Armour fits poorly on your strangely shaped body.
Your body sometimes deteriorates upon taking damage.
You are dopey. (Int -2)


Message History

You claw Paps's ghost, but do no damage.
Paps's ghost is almost destroyed.
Paps's ghost hits you!
Your body deteriorates!
You feel dopey.
You closely miss Paps's ghost.
You claw Paps's ghost, but do no damage.
Paps's ghost is almost destroyed.
Paps's ghost hits you. x2
* * * LOW HITPOINT WARNING * * *
You completely miss Paps's ghost. Your kick misses Paps's ghost.
Paps's ghost is almost destroyed.
Paps's ghost hits you!
* * * LOW HITPOINT WARNING * * *
You barely miss Paps's ghost.
You claw Paps's ghost, but do no damage.
Paps's ghost is almost destroyed.
Paps's ghost hits you.
* * * LOW HITPOINT WARNING * * *
Paps's ghost hits you!
You die...

.............#
.............
............
.........
....... #....#
#..o.# #.W@.#
######


You could see Paps's ghost and an orc.

Vanquished Creatures
  The ghost of Paps the Covered, a novice GrFi (D:5)
  Sigmund (D:2)
  A sky beast (D:4)
  2 ogres
  2 phantoms
  A scorpion (D:4)
  A crimson imp (D:5)
  2 hounds
  A centaur skeleton (D:4)
  An orc priest (D:5)
  Ijyb (D:2)
  Jessica (D:2)
  4 orc wizards
  Robin (D:2)
  3 adders
  6 gnolls (D:3)
  A shadow imp (D:5)
  An adder zombie (D:5)
  A worm (D:3)
  4 dart slugs
  2 leopard geckos (D:4)
  17 orcs
  2 giant cockroaches
  16 goblins
  12 hobgoblins
  5 jackals
  7 kobolds
  3 quokkas
  2 ball pythons
  8 bats
  6 frilled lizards
  A quokka skeleton (D:4)
  9 rats
126 creatures vanquished.

Notes
Turn   | Place    | Note
-------+----------+-------------------------------------------
     0 | D:1      | Lizzreth the Troll Fighter began the quest for the Orb.
     0 | D:1      | Reached XP level 1. HP: 22/22 MP: 0/0
    72 | D:1      | Reached skill level 2 in Maces & Flails
   292 | D:1      | Reached XP level 2. HP: 27/29 MP: 1/1
   840 | D:1      | Reached skill level 3 in Maces & Flails
  1119 | D:2      | Reached XP level 3. HP: 23/36 MP: 2/2
  1168 | D:2      | Noticed Ijyb
  1184 | D:2      | Paralysed by Ijyb for 5 turns
  1192 | D:2      | Killed Ijyb
  1253 | D:2      | Noticed Robin
  1283 | D:2      | Reached skill level 4 in Maces & Flails
  1283 | D:2      | Reached XP level 4. HP: 44/44 MP: 3/3
  1309 | D:2      | Killed Robin
  1457 | D:2      | Noticed Jessica
  1468 | D:2      | Killed Jessica
  1573 | D:2      | Reached XP level 5. HP: 49/50 MP: 4/4
  1617 | D:2      | Noticed Sigmund
  1625 | D:2      | Killed Sigmund
  1625 | D:2      | Reached skill level 6 in Maces & Flails
  1625 | D:2      | Reached XP level 6. HP: 59/59 MP: 5/5
  2592 | D:4      | Noticed a sky beast
  2612 | D:4      | Killed a sky beast
  2612 | D:4      | Reached skill level 7 in Maces & Flails
  2612 | D:4      | Reached XP level 7. HP: 28/66 MP: 6/6
  2617 | D:4      | Gained mutation: Your body sometimes deteriorates upon taking damage. [mutagenic meat]
  2618 | D:4      | Gained mutation: Armour fits poorly on your strangely shaped body. [mutagenic meat]
  2619 | D:4      | Gained mutation: You are agile. (Dex +2) [mutagenic meat]
  2627 | D:4      | Gained mutation: You have sharp toenails. [mutagenic meat]
  2628 | D:4      | Gained mutation: You are dopey. (Int -2) [mutagenic meat]
  2907 | D:4      | Reached skill level 8 in Maces & Flails
  3042 | D:4      | Found a staircase to the Ecumenical Temple.
  3050 | Temple   | Entered the Ecumenical Temple
  3214 | Temple   | Became a worshipper of Makhleb the Destroyer
  3647 | D:5      | Entered Level 5 of the Dungeon
  3923 | D:5      | Noticed Paps's ghost (novice GrFi)
  3931 | D:5      | Killed Paps's ghost
  3931 | D:5      | Reached skill level 9 in Maces & Flails
  3931 | D:5      | Reached XP level 8. HP: 74/74 MP: 7/7
  4120 | D:5      | Reached * piety under Makhleb
  4352 | D:6      | Noticed Paps's ghost (novice GrFi)
  4513 | D:6      | Slain by Paps's ghost

Skill      XL: |  1  2  3  4  5  6  7 |
---------------+----------------------+-----
Maces & Flails | 2 3 4 6 7 9 |  9.8
Fighting       | |  2.4
Dodging        | |  2.4
Shields        | |  2.4

Action                   |  1- 3 |  4- 6 |  7- 9 || total
-------------------------+-------+-------+-------++-------
Melee: Flail             |   111 |   199 |    49 ||   359
       Giant spiked club |       |       |   136 ||   136
       Kick              |       |       |    59 ||    59
Evoke: Wand              |       |     1 |     2 ||     3
  Use: Potion            |       |     2 |     4 ||     6
       Scroll            |       |       |     2 ||     2
 Stab: Sleeping          |     1 |       |       ||     1
       Paralysed         |       |     2 |     4 ||     6
  Eat: Chunk             |    10 |    13 |    21 ||    44
       Bread ration      |       |       |     1 ||     1
Armor: Robe              |    32 |    67 |    62 ||   161
Dodge: Dodged            |    43 |    72 |   111 ||   226
Block: Shield            |    42 |    89 |       ||   131
